 Dungeon Crawl Stone Soup version 0.27.1-33-g824d729ab1 (webtiles) character file.

Game seed: 11210668256959904022

9740 halfoni the Cleaver (level 11, -2/124 HPs)
             Began as a Human Berserker on Dec 27, 2021.
             Was a High Priest of Trog.
             Slain by a 17-headed hydra (6 damage)
             ... on level 11 of the Dungeon.
             The game lasted 00:31:39 (15317 turns).

halfoni the Cleaver (Human Berserker)              Turns: 15317, Time: 00:31:41

Health: -2/124     AC: 22    Str: 20    XL:     11   Next: 80%
Magic:  11/11      EV:  6    Int:  8    God:    Trog [*****.]
Gold:   114        SH: 13    Dex: 13    Spells: 10/10 levels left

rFire    + . .     SeeInvis +   o - +1 broad axe of Rotation {spect, +Blink rPois rF+}
rCold    . . .     Faith    .   h - +1 kite shield
rNeg     . . .     Spirit   .   j - +0 plate armour
rPois    +         Reflect  .   f - +1 helmet {SInv}
rElec    .         Harm     .   (no cloak)
rCorr    .         Rampage  .   l - +0 pair of gloves
Will     .....                  k - +0 pair of boots
Stlth    ..........             (no amulet)
HPRegen  0.30/turn              i - +4 ring of protection
MPRegen  0.12/turn              (no ring)

@: berserking (expiring), very quick
A: no striking features
a: Renounce Religion, Evoke Blink, Berserk, Trog's Hand, Brothers in Arms


You were on level 11 of the Dungeon.
You worshipped Trog.
Trog was extremely pleased with you.
You visited 1 branch of the dungeon, and saw 11 of its levels.
You also visited: Sewer.

You collected 621 gold pieces.
You spent 507 gold pieces at shops.

Inventory:

Hand Weapons
 o - the +1 broad axe of Rotation (weapon) {spect, +Blink rPois rF+}
   (You bought it in a shop on level 9 of the Dungeon)

   When its wielder attacks, the weapon's spirit leaps out and strikes again.
   The spirit shares a part of any damage it takes with its wielder.
   rF:        It protects you from fire.
   rPois:     It protects you from poison.
   +Blink:    It lets you blink.
Armour
 f - a +1 helmet of see invisible (worn)
 h - a +1 kite shield (worn)
 j - a +0 plate armour (worn)
 k - a +0 pair of boots (worn)
 l - a +0 pair of gloves (worn)
Jewellery
 i - a +4 ring of protection (left hand)
 w - a ring of magical power
Wands
 q - a wand of digging (6)
 s - a wand of mindburst (36)
Scrolls
 b - 3 scrolls of teleportation
 d - a scroll of identify
 n - a scroll of enchant armour
 x - a scroll of fear
 C - a scroll of enchant weapon
 D - a scroll of magic mapping
Potions
 a - 3 potions of curing
 c - a potion of brilliance
 e - a potion of flight
 g - a potion of berserk rage
 m - 2 potions of magic
 p - a potion of haste
 r - a potion of mutation
 t - 2 potions of might {unknown}
 u - a potion of cancellation {unknown}
 v - a potion of degeneration {unknown}
 z - a potion of lignification {unknown}
 B - a potion of heal wounds {unknown}
Miscellaneous
 y - a phantom mirror
 A - a box of beasts


   Skills:
 + Level 6.6 Fighting
 * Level 11.5 Axes
 + Level 7.6 Armour
 + Level 3.2 Dodging
 - Level 0.9 Stealth
 * Level 9.7 Shields


You had 10 spell levels left.
You didn't know any spells.
Your spell library was empty.

Dungeon Overview and Level Annotations

Branches:
Dungeon (11/15)            Temple (0/1) D:4            Lair (0/6) D:8
    Orc (0/2) D:10          Sewer (visited)

Altars:
Ashenzari
Elyvilon
Fedhas
Gozag
Okawaru
Ru
The Shining One

Shops:
D:5 *!?[   D:7 *   D:8 ??*   D:9 (!***


Message History

The 15-headed hydra bites you but does no damage. x2
The 15-headed hydra bites you!
* * * LOW HITPOINT WARNING * * *
The 15-headed hydra bites you but does no damage.
You block the 15-headed hydra's attack. The 15-headed hydra bites you.
* * * LOW HITPOINT WARNING * * *
The 15-headed hydra bites you.
* * * LOW HITPOINT WARNING * * *
The 15-headed hydra bites you but does no damage. x2
You are too berserk!
Unknown command.
You are too berserk!
Your plate armour prevents you from hitting the 15-headed hydra.
The 15-headed hydra is severely wounded.
You lop one of the 15-headed hydra's heads off!
The 14-headed hydra grows two more!
You hit the 16-headed hydra.
The 16-headed hydra is severely wounded.
The 16-headed hydra bites you but does no damage. x7
The 16-headed hydra closely misses you. The 16-headed hydra bites you.
* * * LOW HITPOINT WARNING * * *
You block the 16-headed hydra's attack. x2; The 16-headed hydra bites you.
* * * LOW HITPOINT WARNING * * *
The 16-headed hydra bites you.
* * * LOW HITPOINT WARNING * * *
The 16-headed hydra completely misses you.
The 16-headed hydra bites you but does no damage.
You block the 16-headed hydra's attack.
You hack one of the 16-headed hydra's heads off!
The 15-headed hydra grows two more!
You slash the 17-headed hydra!
The 17-headed hydra is severely wounded.
The 17-headed hydra closely misses you. The 17-headed hydra bites you.
* * * LOW HITPOINT WARNING * * *
You block the 17-headed hydra's attack.
The 17-headed hydra bites you but does no damage.
The 17-headed hydra barely misses you.
You block the 17-headed hydra's attack. x2
The 17-headed hydra bites you but does no damage. x2
The 17-headed hydra closely misses you. You block the 17-headed hydra's attack.
The 17-headed hydra bites you but does no damage.
The 17-headed hydra bites you.
You die...

#.# .. #.# #. #.#
#. #.# #.
#.######## #.
#........# #.
#.########
######.#########.#
.........ZD@.....#
######.#########.#
#. #.######## #.
#........# #Z
#.######## #[ #.#
#D #.# #. #.# #.#


You could see a 17-headed hydra and a centaur warrior zombie.

Vanquished Creatures
  A centaur warrior (D:10)
  Pikel (D:9)
  A manticore (D:10)
  An unseen horror (D:10)
  An efreet (D:10)
  A troll (D:10)
  Prince Ribbit (D:9)
  Grinder (Sewer)
  A centaur simulacrum (D:10)
  A wraith (D:10)
  2 wyverns
  4 vampire mosquitoes
  2 wargs (D:8)
  2 water moccasins (D:9)
  7 orc warriors
  An ice beast (D:7)
  A sky beast (D:8)
  2 black bears (D:5)
  A necrophage (D:4)
  3 ogres
  2 centaurs
  A lemure (D:9)
  4 kobold brigands
  2 bullfrogs
  A scorpion (D:4)
  A wyvern zombie (D:8)
  11 killer bees (D:9)
  17 wights
  5 howler monkeys
  5 centaur zombies
  A bullfrog zombie (D:6)
  5 hounds
  A quasit (Sewer)
  9 orc priests
  A gnoll shaman (D:4)
  2 jellies (D:4)
  A centaur skeleton (D:6)
  2 iguanas (D:6)
  13 orc wizards
  A killer bee zombie (D:5)
  A howler monkey skeleton (D:4)
  2 howler monkey zombies
  8 gnolls
  5 adders
  A river rat (D:3)
  3 shadow imps (Sewer)
  A white imp (D:5)
  2 ufetubi (Sewer)
  An adder skeleton (D:5)
  An adder zombie (D:5)
  2 worms
  A dart slug (D:1)
  35 orcs
  5 bats
  3 endoplasms
  3 giant cockroaches
  10 goblins
  5 hobgoblins
  2 quokkas (D:1)
  7 ball pythons
  4 frilled lizards (D:1)
  26 kobolds
  2 kobold zombies (Sewer)
  6 rats
256 creatures vanquished.

Vanquished Creatures (collateral kills)
  A hydra (D:10)
1 creature vanquished.

Vanquished Creatures (others)
  A kobold zombie (Sewer)
  7 plants (D:9)
8 creatures vanquished.

Grand Total: 265 creatures vanquished

Notes
Turn   | Place    | Note
-------+----------+-------------------------------------------
     0 | D:1      | halfoni the Human Berserker began the quest for the Orb.
     0 | D:1      | Reached XP level 1. HP: 18/18 MP: 1/1
   362 | D:1      | Reached XP level 2. HP: 24/24 MP: 2/2
   588 | D:1      | Reached XP level 3. HP: 19/29 MP: 3/3
  1060 | D:1      | Found a faded altar of an unknown god.
  1206 | D:2      | Reached ** piety under Trog
  2018 | D:3      | Reached XP level 4. HP: 37/37 MP: 4/4
  2020 | D:3      | Reached skill level 1 in Shields
  2109 | D:3      | Reached XP level 5. HP: 42/42 MP: 5/5
  2383 | D:3      | Found a glowing drain.
  2393 | Sewer    | Entered a sewer
  2514 | Sewer    | Reached skill level 4 in Axes
  2898 | Sewer    | Found a burning altar of Makhleb.
  2898 | Sewer    | Noticed a kobold brigand
  2909 | Sewer    | Killed a kobold brigand
  2909 | Sewer    | Reached *** piety under Trog
  2910 | Sewer    | Reached XP level 6. HP: 48/48 MP: 6/6
  3217 | Sewer    | Noticed Grinder
  3233 | Sewer    | Killed Grinder
  3234 | Sewer    | Reached XP level 7. HP: 55/55 MP: 7/7
  3612 | D:3      | Identified a scroll of acquirement
  3612 | D:3      | Acquired a +1 helmet of see invisible
  3662 | D:4      | Found a staircase to the Ecumenical Temple.
  3718 | D:4      | Found a sacrificial altar of Ru.
  3744 | D:4      | Reached skill level 5 in Axes
  4133 | D:4      | Reached XP level 8. HP: 61/61 MP: 8/8
  4815 | D:5      | Entered Level 5 of the Dungeon
  5264 | D:5      | Reached skill level 5 in Shields
  5326 | D:5      | Found a glowing golden altar of the Shining One.
  5458 | D:5      | Found Heliffeb's Assorted Antiques.
  5492 | D:5      | Found Iloeture's Distillery.
  5812 | D:5      | Found Tuimpaz's Armour Shop.
  5818 | D:5      | Reached skill level 5 in Fighting
  5818 | D:5      | Reached skill level 6 in Axes
  5864 | D:5      | Found Locor's Magic Scroll Shoppe.
  6204 | D:5      | Reached XP level 9. HP: 68/68 MP: 9/9
  6594 | D:6      | Reached skill level 7 in Axes
  6706 | D:6      | Found an opulent altar of Gozag.
  6916 | D:6      | Found an iron altar of Okawaru.
  7023 | D:6      | Reached **** piety under Trog
  7095 | D:6      | Reached skill level 5 in Armour
  7274 | D:6      | Found a white marble altar of Elyvilon.
  8079 | D:7      | Reached skill level 8 in Axes
  8083 | D:7      | Found Wudurep's Assorted Antiques.
  8092 | D:7      | Bought a notched iron ring for 105 gold pieces
  8281 | D:7      | Reached XP level 10. HP: 74/74 MP: 10/10
  8670 | D:8      | Reached skill level 9 in Axes
  8859 | D:8      | Found Syqetaic's Magic Scroll Boutique.
  8880 | D:8      | Found a staircase to the Lair.
  9560 | D:8      | Found Jalih's Magic Scroll Shop.
 10380 | D:8      | Reached ***** piety under Trog
 10815 | D:9      | Found Ulitojeg's Weapon Shop.
 11009 | D:9      | Noticed Pikel
 11011 | D:9      | Found a broken altar of Ashenzari.
 11029 | D:9      | Found Coleh's Distillery.
 11115 | D:9      | Reached skill level 10 in Axes
 11118 | D:9      | Found Maci's General Store.
 11179 | D:9      | Bought the +1 broad axe of Rotation {spect, +Blink rPois
                  | rF+} for 402 gold pieces
 11545 | D:9      | Noticed Prince Ribbit
 11553 | D:9      | Reached XP level 11. HP: 81/81 MP: 11/11
 11558 | D:9      | Killed Prince Ribbit
 11594 | D:9      | Found Kiwelam's Assorted Antiques.
 11776 | D:9      | Found Cyruon's Assorted Antiques.
 12152 | D:9      | Killed Pikel
 12669 | D:9      | Found a blossoming altar of Fedhas.
 13104 | D:10     | Entered Level 10 of the Dungeon
 13108 | D:10     | Found a staircase to the Orcish Mines.
 13737 | D:10     | Noticed a manticore
 13745 | D:10     | Killed a manticore
 13746 | D:10     | Reached skill level 11 in Axes
 13802 | D:10     | Noticed a centaur warrior
 13810 | D:10     | Killed a centaur warrior
 14188 | D:10     | Noticed a seven-headed hydra
 14619 | D:10     | Killed a ten-headed hydra
 15052 | D:10     | Identified the +10 hand axe "Avellich" {vorpal, rF+ Str-5
                  | Int+7}
 15295 | D:11     | Noticed an eight-headed hydra
 15317 | D:11     | HP: 4/124 [17-headed hydra (4)]
 15317 | D:11     | Slain by a 17-headed hydra

Illustrated notes

Levels and vault maps discovered:
D:1:      dpeg_arrival_rooms_c, layout_loops_ring,
          shapermc_ecumenical_altar_petra
D:2:      layout_rooms
D:3:      layout_rooms, portal_sewer_entry_b, minmay_misc_feat_diagonals
D:4:      layout_cave_pods, mainiacjoe_overflow_alcove_4,
          minmay_temple_entry_ruins
D:5:      layout_basic, tso_metal_star, serial_shops, nicolae_shop_statue_plus,
          nicolae_take_the_stairs, shop, nicolae_shop_waterfront
D:6:      layout_loops_cross, grunt_gozag_statues,
          mainiacjoe_overflow_small_starburst, elyvilon_altar_1,
          hangedman_abyss_or_decor_stagger
D:7:      layout_rooms, serial_shops, shop
D:8:      layout_rooms, erik_lair_orcish_takeover, serial_shops, shop,
          nicolae_shop_trees, minmay_misc_feat_x
D:9:      layout_basic, general_overflow_altar, nicolae_ashenzari_skybound,
          serial_shops, nicolae_inconvenience_store,
          nicolae_shop_temple_entry_statues_fountains, shop,
          nicolae_shop_overgrown_old_shop, shop, minmay_misc_feat_secret_circle,
          uniq_pikel, uniq_prince_ribbit1
D:10:     minmay_tri_box, layout_basic
D:11:     layout_small_grid

Skill      XL: |  1  2  3  4  5  6  7  8  9 10 11 |
---------------+----------------------------------+-----
Shields        | 1 2 3 4 5 7 8 9 |  9.7
Fighting       | 4 5 6 |  6.6
Axes           | 4 5 6 8 10 11 | 11.5
Armour         | 3 4 5 6 7 |  7.6
Dodging        | 3 |  3.2
Stealth        | |  0.9

Action                   |  1- 3 |  4- 6 |  7- 9 | 10-12 || total
-------------------------+-------+-------+-------+-------++-------
Melee: Hand axe          |    88 |   124 |   382 |   268 ||   862
       Broad axe         |       |       |       |   120 ||   120
Invok: Berserk           |     4 |     8 |    16 |    23 ||    51
       Brothers in Arms  |       |       |       |     1 ||     1
  Use: Scroll            |       |       |    13 |    13 ||    26
       Potion            |       |       |       |     1 ||     1
 Stab: Sleeping          |     2 |       |       |       ||     2
       Distracted        |       |       |       |     1 ||     1
Armor: Animal skin       |    14 |       |       |       ||    14
       Leather armour    |     2 |     4 |       |       ||     6
       Chain mail        |       |    89 |    53 |       ||   142
       Plate armour      |       |       |   169 |   250 ||   419
Dodge: Dodged            |    52 |    44 |    63 |   113 ||   272
Block: Kite shield       |     7 |    88 |   224 |   306 ||   625
